Lowell Devils vs London Knights

Created - 14 février 2018 at 20:23

Goals
1 2 3 T
Lowell Devils 1 2 1 4
London Knights 0 1 0 1
Shots
1 2 3 T
Lowell Devils 16 11 15 42
London Knights 1 26 8 35

1st period

1. Lowell Devils , Jack Dougherty 5 (Brendan Ranford 15, Trevor Smith 33) at 1:34 (PP)

Penalties :
Buddy Robinson (KNI) for Fighting (Major) at 1:00, Tyler Gaudet (DEV) for Fighting (Major) at 1:00, Buddy Robinson (KNI) for instigated a fight (Minor) at 1:00, Buddy Robinson (KNI) for instigated and being the aggresor in a fight (20 Minutes Game Misconduct) at 1:00

2nd period

2. Lowell Devils , Sam Anas 5 (Andrew Poturalski 18) at 8:12
3. Lowell Devils , Austin Czarnik 25 (Andrew Welinski 23) at 11:50
4. London Knights , Pontus Aberg 39 (Joe Colborne 34) at 16:08

Penalties :
Joe Colborne (KNI) for Tripping (Minor) at 5:03

3rd period

5. Lowell Devils , Andrew Mangiapane 19 (Austin Czarnik 45, Andrew Welinski 24) at 13:08

Penalties :
No Penalty

Goalie Stats

Reto Berra (DEV), 34 saves from 35 shots - (0,971), W, 19-12-6, 60:00 minutes
Philippe Desrosiers (KNI), 38 saves from 42 shots - (0,905), L, 0-7-2, 60:00 minutes

Players Stats for Lowell Devils

Player Name              G  A  P  +/- PIM S  H  SB GA TA FO     MP     PP MP  PK MP  
------------------------------------------------------------------------------------
Andrew Mangiapane        1  0  1   2  0   3  3  1  2  3  0/0    21:01   1:18   0:00 
Andrew Poturalski        0  1  1   0  0   4  1  0  1  0  3/7    12:24   0:00   0:00 
Andrew Welinski          0  2  2   2  0   3  0  0  0  0  0/0    25:27   1:55   0:00 
Austin Czarnik           1  1  2   2  0   8  0  0  2  0  13/31  21:01   1:18   0:00 
Brendan Ranford          0  1  1  -1  0   2  1  1  1  0  0/0    17:12   1:15   0:00 
Chris Conner             0  0  0   2  0   3  4  2  2  0  0/3    21:01   1:18   0:00 
Conor Garland            0  0  0   1  0   2  1  1  0  0  1/1     9:54   0:00   0:00 
Gavin Bayreuther         0  0  0   0  0   1  0  2  0  0  0/0    14:45   0:00   0:00 
Gerald Mayhew            0  0  0   1  0   2  3  0  0  0  0/0     9:54   0:00   0:00 
Jack Dougherty           1  0  1   0  0   1  0  1  0  1  0/0    19:48   0:38   0:00 
MacKenzie Weegar         0  0  0   2  0   0  1  0  0  1  0/0    25:27   1:55   0:00 
Nick Baptiste            0  0  0  -1  0   1  3  0  1  1  0/0    17:12   1:15   0:00 
Nolan Zajac              0  0  0   0  0   1  2  1  0  0  0/0    14:45   0:00   0:00 
Roland McKeown           0  0  0   0  0   1  0  1  0  0  0/0    19:48   0:38   0:00 
Sam Anas                 1  0  1   0  0   3  0  0  0  0  0/0    11:53   0:00   0:00 
Trevor Moore             0  0  0   0  0   2  2  1  0  0  0/0    12:07   0:00   0:00 
Trevor Smith             0  1  1  -1  0   2  4  0  1  0  6/10   17:12   1:15   0:00 
Tyler Gaudet             0  0  0   1  5   3  1  0  1  0  2/3     9:08   0:00   0:00 

Players Stats for London Knights

Player Name              G  A  P  +/- PIM S  H  SB GA TA FO     MP     PP MP  PK MP  
------------------------------------------------------------------------------------
Adam Comrie              0  0  0  -2  0   0  1  1  0  0  0/0    11:29   0:00   0:00 
Andy Andreoff            0  0  0   0  0   5  1  0  0  0  3/5    20:34   0:00   0:42 
Ben Betker               0  0  0  -1  0   0  0  1  0  0  0/0     8:04   0:00   0:00 
Brian Strait             0  0  0   1  0   2  0  3  0  2  0/0    22:09   0:00   1:45 
Buddy Robinson           0  0  0   0  27  0  0  0  0  0  0/0     0:26   0:00   0:00 
Cal O'Reilly             0  0  0   0  0   3  1  1  0  0  8/10   18:47   0:00   0:06 
Christian Folin          0  0  0   1  0   4  2  3  0  0  0/0    22:09   0:00   1:45 
Colby Williams           0  0  0   0  0   0  0  0  0  0  0/0     1:47   0:00   0:00 
Daniel Muzito-Bagenda    0  0  0   0  0   1  1  0  0  0  1/1    20:04   0:00   0:00 
Dylan McIlrath           0  0  0  -2  0   0  0  2  0  2  0/0    14:05   0:00   0:00 
Ethan Prow               0  0  0  -1  0   0  0  1  0  0  0/0     8:04   0:00   0:00 
Joe Colborne             0  1  1  -1  2   2  0  0  1  0  10/28  21:10   0:00   0:34 
Joshua Winquist          0  0  0   0  0   5  1  1  1  0  0/0    19:18   0:00   0:00 
Luke Gazdic              0  0  0  -1  0   3  0  0  1  1  0/1    18:13   0:00   1:20 
Mark McNeill             0  0  0  -1  0   3  0  1  2  1  7/8    13:48   0:00   0:00 
Mat Clark                0  0  0   0  0   2  2  2  0  2  0/0    18:18   0:00   0:48 
Nicolas Aube-Kubel       0  0  0  -2  0   0  1  1  1  0  1/2    19:36   0:00   1:45 
Pontus Aberg             1  0  1  -1  0   4  1  1  0  2  0/0    21:06   0:00   0:39 
Tyler Wotherspoon        0  0  0   0  0   1  0  2  0  1  0/0    18:18   0:00   0:48 

3 Stars

1 - Reto Berra (DEV)
2 - Austin Czarnik (DEV)
3 - Andrew Mangiapane (DEV)

Power Play

Lowell Devils - 1 on 2 Attempt(s) - 50,00%
London Knights - 0 on 0 Attempt(s) - 0,00%

Penalty Kill

Lowell Devils - 0 on 0 Attempt(s) - 0,00% - Score 0 goal in Penalty Kill
London Knights - 1 on 2 Attempt(s) - 50,00% - Score 0 goal in Penalty Kill

Team Stat

Lowell Devils - Hits : 26 - Faceoff Wins : 25 - Blocked Shots : 11 - Penalty Minutes : 5
London Knights - Hits : 11 - Faceoff Wins : 30 - Blocked Shots : 20 - Penalty Minutes : 29

Official

Referees : Mike Leggo and Kyle Rehman
Linesman : Mark Shewchyk and Greg Devorski

Game Notes

Buddy Robinson and Tyler Gaudet fight to a draw at 1:00 of 1st period
Buddy Robinson ejected from game at 1:00 of 1st period

Finance

Level 1 -- Attendance: 1332 (66,60%) -- Ticket Income 46 620 $
Level 2 -- Attendance: 669 (66,90%) -- Ticket Income 10 035 $
Total Attendance: 2001 (66,70%)
Total Ticket Income: 56 655 $
Other Income: 27 761 $
Total Income: 84 416 $

Lowell Devils

5 vs 5 Forward 
   Center                   Left Wing                Right Wing               Time % Phy DF OF 
 1 Austin Czarnik           Chris Conner             Andrew Mangiapane        40     1   2  2  
 2 Trevor Smith             Nick Baptiste            Brendan Ranford          30     1   2  2  
 3 Andrew Poturalski        Trevor Moore             Sam Anas                 20     1   2  2  
 4 Tyler Gaudet             Gerald Mayhew            Conor Garland            10     1   2  2  

5 vs 5 Defense 
   Defense                  Defense                                           Time % Phy DF OF 
 1 MacKenzie Weegar         Andrew Welinski                                   40     1   2  2  
 2 Jack Dougherty           Roland McKeown                                    30     1   2  2  
 3 Gavin Bayreuther         Nolan Zajac                                       20     1   2  2  
 4 MacKenzie Weegar         Andrew Welinski                                   10     1   2  2  

PowerPlay Forward 
   Center                   Left Wing                Right Wing               Time % Phy DF OF 
 1 Austin Czarnik           Chris Conner             Andrew Mangiapane        60     1   2  2  
 2 Trevor Smith             Nick Baptiste            Brendan Ranford          40     1   2  2  

PowerPlay Defense
   Defense                  Defense                                           Time % Phy DF OF 
 1 MacKenzie Weegar         Andrew Welinski                                   60     1   2  2  
 2 Jack Dougherty           Roland McKeown                                    40     1   2  2  

Penalty Kill 4 Players Forward 
   Center                   Wing                     Time % Phy DF OF 
 1 Chris Conner             Austin Czarnik           60     1   2  2  
 2 Trevor Smith             Andrew Mangiapane        40     1   2  2  

Penalty Kill 4 Players Defense
   Defense                  Defense                  Time % Phy DF OF 
 1 MacKenzie Weegar         Andrew Welinski          60     1   2  2  
 2 Jack Dougherty           Roland McKeown           40     1   2  2  

Penalty Kill - 3 Players Forward 
   Forward                                           Time % Phy DF OF 
 1 Chris Conner                                      60     1   2  2  
 2 Austin Czarnik                                    40     1   2  2  

Penalty Kill - 3 Players Defense
   Defense                  Defense                  Time % Phy DF OF 
 1 MacKenzie Weegar         Andrew Welinski          60     1   2  2  
 2 Jack Dougherty           Roland McKeown           40     1   2  2  

4 vs 4 Forward 
   Center                   Wing                     Time % Phy DF OF 
 1 Chris Conner             Austin Czarnik           60     1   2  2  
 2 Trevor Smith             Andrew Mangiapane        40     1   2  2  

4 vs 4 Defense
   Defense                  Defense                  Time % Phy DF OF 
 1 MacKenzie Weegar         Andrew Welinski          60     1   2  2  
 2 Jack Dougherty           Roland McKeown           40     1   2  2  

Last Minutes Offensive
   Center                   Left Wing                Right Wing               Defense                  Defense                  
   Austin Czarnik           Chris Conner             Andrew Mangiapane        MacKenzie Weegar         Andrew Welinski          

Last Minutes Defensive
   Center                   Left Wing                Right Wing               Defense                  Defense                  
   Austin Czarnik           Chris Conner             Andrew Mangiapane        MacKenzie Weegar         Andrew Welinski          

Goaltenders
Starting : Reto Berra               
Backup : Charlie Lindgren         

Extra Forwards
Normal : Andrew Poturalski, Trevor Moore, Tyler Gaudet - PP : Andrew Poturalski, Trevor Moore - PK : Tyler Gaudet
Extra Defensemen
Normal : Gavin Bayreuther, Nolan Zajac, Jack Dougherty - PP : Gavin Bayreuther - PK : Nolan Zajac, Jack Dougherty
Penalty Shots
Chris Conner, Austin Czarnik, Trevor Smith, Andrew Mangiapane, Nick Baptiste

Scratches
Dan Renouf (Healthy), Vojtech Mozik (Healthy), Trevor Murphy (Healthy)

London Knights

5 vs 5 Forward 
   Center                   Left Wing                Right Wing               Time % Phy DF OF 
 1 Joe Colborne             Pontus Aberg             Buddy Robinson           40     1   2  2  
 2 Cal O'Reilly             Joshua Winquist          Daniel Muzito-Bagenda    30     1   2  2  
 3 Mark McNeill             Luke Gazdic              Nicolas Aube-Kubel       20     1   2  2  
 4 Andy Andreoff            Joe Colborne             Buddy Robinson           10     1   2  2  

5 vs 5 Defense 
   Defense                  Defense                                           Time % Phy DF OF 
 1 Christian Folin          Brian Strait                                      40     1   2  2  
 2 Tyler Wotherspoon        Mat Clark                                         30     1   2  2  
 3 Adam Comrie              Dylan McIlrath                                    20     1   2  2  
 4 Ethan Prow               Ben Betker                                        10     1   2  2  

PowerPlay Forward 
   Center                   Left Wing                Right Wing               Time % Phy DF OF 
 1 Joe Colborne             Pontus Aberg             Buddy Robinson           60     1   2  2  
 2 Cal O'Reilly             Joshua Winquist          Daniel Muzito-Bagenda    40     1   2  2  

PowerPlay Defense
   Defense                  Defense                                           Time % Phy DF OF 
 1 Christian Folin          Brian Strait                                      60     1   2  2  
 2 Tyler Wotherspoon        Mat Clark                                         40     1   2  2  

Penalty Kill 4 Players Forward 
   Center                   Wing                     Time % Phy DF OF 
 1 Joe Colborne             Buddy Robinson           60     1   2  2  
 2 Cal O'Reilly             Mark McNeill             40     1   2  2  

Penalty Kill 4 Players Defense
   Defense                  Defense                  Time % Phy DF OF 
 1 Christian Folin          Brian Strait             60     1   2  2  
 2 Tyler Wotherspoon        Mat Clark                40     1   2  2  

Penalty Kill - 3 Players Forward 
   Forward                                           Time % Phy DF OF 
 1 Joe Colborne                                      60     1   2  2  
 2 Buddy Robinson                                    40     1   2  2  

Penalty Kill - 3 Players Defense
   Defense                  Defense                  Time % Phy DF OF 
 1 Christian Folin          Brian Strait             60     1   2  2  
 2 Tyler Wotherspoon        Mat Clark                40     1   2  2  

4 vs 4 Forward 
   Center                   Wing                     Time % Phy DF OF 
 1 Joe Colborne             Buddy Robinson           60     1   2  2  
 2 Cal O'Reilly             Mark McNeill             40     1   2  2  

4 vs 4 Defense
   Defense                  Defense                  Time % Phy DF OF 
 1 Christian Folin          Brian Strait             60     1   2  2  
 2 Tyler Wotherspoon        Mat Clark                40     1   2  2  

Last Minutes Offensive
   Center                   Left Wing                Right Wing               Defense                  Defense                  
   Joe Colborne             Pontus Aberg             Buddy Robinson           Christian Folin          Brian Strait             

Last Minutes Defensive
   Center                   Left Wing                Right Wing               Defense                  Defense                  
   Joe Colborne             Pontus Aberg             Buddy Robinson           Christian Folin          Brian Strait             

Goaltenders
Starting : Philippe Desrosiers      
Backup : Unknown Goalie           

Extra Forwards
Normal : Andy Andreoff, Luke Gazdic, Nicolas Aube-Kubel - PP : Andy Andreoff, Luke Gazdic - PK : Nicolas Aube-Kubel
Extra Defensemen
Normal : Colby Williams, Adam Comrie, Dylan McIlrath - PP : Colby Williams - PK : Adam Comrie, Dylan McIlrath
Penalty Shots
Joe Colborne, Buddy Robinson, Cal O'Reilly, Mark McNeill, Pontus Aberg

Scratches
Caleb Herbert (Healthy), Jayson Megna (Healthy), T.J. Brennan (Healthy), Brandon Halverson (Healthy)

% Time on Ice - Lowell Devils

Lines # - Real PCT - Wanted PCT - Time Play
Normal Forward
1 - 34% - 40% - 19:43
2 - 28% - 30% - 15:57
3 - 21% - 20% - 11:53
4 - 17% - 10% - 9:54
Normal Defense
1 - 35% - 40% - 20:16
2 - 33% - 30% - 19:10
3 - 26% - 20% - 14:45
4 - 6% - 10% - 3:16
PP Forward
1 - 51% - 60% - 1:18
2 - 49% - 40% - 1:15
PP Defense
1 - 75% - 60% - 1:55
2 - 25% - 40% - 0:38
PK Forward
1 - 0% - 60%
2 - 0% - 40%
PK Defense
1 - 0% - 60%
2 - 0% - 40%
PK3 Forward
1 - 0% - 60%
2 - 0% - 40%
PK3 Defense
1 - 0% - 60%
2 - 0% - 40%
44 Forward
1 - 0% - 60%
2 - 0% - 40%
44 Defense
1 - 0% - 60%
2 - 0% - 40%
Last Minute Offensive  - 0:00
Last Minute Defensive  - 0:00
Total
Forward - 60:00
Defense - 60:00

% Time on Ice - London Knights

Lines # - Real PCT - Wanted PCT - Time Play
Normal Forward
1 - 36% - 40% - 20:29
2 - 29% - 30% - 16:54
3 - 24% - 20% - 13:48
4 - 11% - 10% - 6:16
Normal Defense
1 - 36% - 40% - 20:24
2 - 30% - 30% - 17:30
3 - 20% - 20% - 11:29
4 - 14% - 10% - 8:04
PP Forward
1 - 0% - 60%
2 - 0% - 40%
PP Defense
1 - 0% - 60%
2 - 0% - 40%
PK Forward
1 - 100% - 60% - 2:33
2 - 0% - 40% - 0:00
PK Defense
1 - 69% - 60% - 1:45
2 - 31% - 40% - 0:48
PK3 Forward
1 - 0% - 60%
2 - 0% - 40%
PK3 Defense
1 - 0% - 60%
2 - 0% - 40%
44 Forward
1 - 0% - 60%
2 - 0% - 40%
44 Defense
1 - 0% - 60%
2 - 0% - 40%
Last Minute Offensive  - 0:00
Last Minute Defensive  - 0:00
Total
Forward - 60:00
Defense - 60:00

Play by Play

1st period


0:01 of 1st period - Austin Czarnik wins face-off versus Joe Colborne in neutral zone.
0:51 of 1st period - Wrist shot by Andrew Poturalski.
0:51 of 1st period - Deflect By Trevor Moore.
0:51 of 1st period - Stopped by Philippe Desrosiers with a rebound.
0:53 of 1st period - Snap shot by Jack Dougherty.
0:53 of 1st period - Deflect By Andrew Poturalski.
0:53 of 1st period - Shot Blocked by Mark McNeill.
0:53 of 1st period - Puck is out of play.
0:54 of 1st period - Tyler Gaudet wins face-off versus Andy Andreoff in London Knights zone.
1:00 of 1st period - Buddy Robinson and Tyler Gaudet fight to a draw.
1:00 of 1st period - Penalty to Buddy Robinson for Fighting.
1:00 of 1st period - Penalty to Tyler Gaudet for Fighting.
1:00 of 1st period - Penalty to Buddy Robinson for instigated a fight.
1:00 of 1st period - Penalty to Buddy Robinson for instigated and being the aggresor in a fight.
1:00 of 1st period - Buddy Robinson is ejected from game.
1:01 of 1st period - Austin Czarnik wins face-off versus Joe Colborne in London Knights zone.
1:32 of 1st period - Snap shot by Brendan Ranford.
1:32 of 1st period - Shot Blocked by Brian Strait.
1:34 of 1st period - Slapshot by Jack Dougherty.
1:34 of 1st period - Goal by Jack Dougherty - Lowell Devils : 1 - London Knights : 0.
1:35 of 1st period - Joe Colborne wins face-off versus Austin Czarnik in neutral zone.
2:08 of 1st period - Snap shot by Trevor Moore.
2:08 of 1st period - Shot Misses the Net.
2:10 of 1st period - Slapshot by Roland McKeown.
2:10 of 1st period - Shot Blocked by Dylan McIlrath.
2:49 of 1st period - Mark McNeill is hit by Gerald Mayhew and loses puck.
3:12 of 1st period - Wrist shot by Nick Baptiste.
3:12 of 1st period - Shot Blocked by Nicolas Aube-Kubel.
3:14 of 1st period - Backhand shot by Andrew Welinski.
3:14 of 1st period - Stopped by Philippe Desrosiers with a rebound.
4:02 of 1st period - Wrist shot by Nick Baptiste.
4:02 of 1st period - Shot Misses the Net.
4:16 of 1st period - Snap shot by Andrew Mangiapane.
4:16 of 1st period - Stopped by Philippe Desrosiers with a rebound.
4:46 of 1st period - Joshua Winquist is hit by Trevor Smith and loses puck.
5:21 of 1st period - Icing by Pontus Aberg.
5:22 of 1st period - Mark McNeill wins face-off versus Austin Czarnik in London Knights zone.
5:31 of 1st period - Slapshot by Andrew Mangiapane.
5:31 of 1st period - Shot Blocked by Cal O'Reilly.
5:33 of 1st period - Snap shot by Austin Czarnik.
5:33 of 1st period - Stopped by Philippe Desrosiers without a rebound.
5:34 of 1st period - Austin Czarnik wins face-off versus Cal O'Reilly in London Knights zone.
5:41 of 1st period - Snap shot by Austin Czarnik.
5:41 of 1st period - Stopped by Philippe Desrosiers without a rebound.
5:42 of 1st period - Joe Colborne wins face-off versus Chris Conner in London Knights zone.
6:17 of 1st period - Wrist shot by Joshua Winquist.
6:17 of 1st period - Shot Misses the Net.
6:59 of 1st period - Snap shot by Austin Czarnik.
6:59 of 1st period - Stopped by Philippe Desrosiers with a rebound.
7:17 of 1st period - Daniel Muzito-Bagenda is hit by Gerald Mayhew and loses puck.
8:16 of 1st period - Daniel Muzito-Bagenda is hit by Brendan Ranford and loses puck.
8:27 of 1st period - Slapshot by Cal O'Reilly.
8:27 of 1st period - Shot Blocked by Gavin Bayreuther.
8:41 of 1st period - Sam Anas is hit by Andy Andreoff.
8:48 of 1st period - Icing by Ethan Prow.
8:49 of 1st period - Andy Andreoff wins face-off versus Austin Czarnik in London Knights zone.
10:12 of 1st period - Wrist shot by Austin Czarnik.
10:12 of 1st period - Shot Blocked by Tyler Wotherspoon.
11:12 of 1st period - Slapshot by Trevor Moore.
11:12 of 1st period - Shot Misses the Net.
11:14 of 1st period - Snap shot by Sam Anas.
11:14 of 1st period - Stopped by Philippe Desrosiers with a rebound.
11:16 of 1st period - Slapshot by Andrew Poturalski.
11:16 of 1st period - Stopped by Philippe Desrosiers with a rebound.
11:53 of 1st period - Slapshot by Tyler Gaudet.
11:53 of 1st period - Stopped by Philippe Desrosiers with a rebound.
12:04 of 1st period - Off-side.
12:05 of 1st period - Mark McNeill wins face-off versus Trevor Smith in neutral zone.
13:04 of 1st period - Wrist shot by Andrew Mangiapane.
13:04 of 1st period - Shot Blocked by Mat Clark.
13:45 of 1st period - Icing by Trevor Moore.
13:46 of 1st period - Tyler Gaudet wins face-off versus Andy Andreoff in Lowell Devils zone.
14:35 of 1st period - Slapshot by Trevor Moore.
14:35 of 1st period - Deflect By Andrew Poturalski.
14:35 of 1st period - Stopped by Philippe Desrosiers with a rebound.
15:38 of 1st period - Backhand shot by Chris Conner.
15:38 of 1st period - Stopped by Philippe Desrosiers with a rebound.
15:48 of 1st period - Trevor Moore is hit by Pontus Aberg and loses puck.
16:00 of 1st period - 10 Minutes Misconduct Penalty to Buddy Robinson is over.
16:19 of 1st period - Snap shot by Tyler Gaudet.
16:19 of 1st period - Stopped by Philippe Desrosiers with a rebound.
16:21 of 1st period - Snap shot by Conor Garland.
16:21 of 1st period - Shot Blocked by Ethan Prow.
16:39 of 1st period - Snap shot by Trevor Smith.
16:39 of 1st period - Stopped by Philippe Desrosiers with a rebound.
16:41 of 1st period - Slapshot by Gavin Bayreuther.
16:41 of 1st period - Stopped by Philippe Desrosiers with a rebound.
16:50 of 1st period - Snap shot by Nick Baptiste.
16:50 of 1st period - Shot Blocked by Joshua Winquist.
17:13 of 1st period - Tyler Wotherspoon is hit by Chris Conner and loses puck.
17:28 of 1st period - Tyler Wotherspoon is hit by Andrew Poturalski.
18:34 of 1st period - Joshua Winquist is hit by Tyler Gaudet and loses puck.
18:53 of 1st period - Icing by Andrew Welinski.
18:54 of 1st period - Andy Andreoff wins face-off versus Andrew Poturalski in Lowell Devils zone.
18:59 of 1st period - Wrist shot by Andy Andreoff.
18:59 of 1st period - Shot Misses the Net.
19:01 of 1st period - Snap shot by Andy Andreoff.
19:01 of 1st period - Stopped by Reto Berra with a rebound.
19:03 of 1st period - Wrist shot by Andy Andreoff.
19:03 of 1st period - Shot Blocked by Nolan Zajac.
19:13 of 1st period - Wrist shot by Austin Czarnik.
19:13 of 1st period - Stopped by Philippe Desrosiers without a rebound.
19:14 of 1st period - Andy Andreoff wins face-off versus Austin Czarnik in London Knights zone.
Goals for this period are 1 for Lowell Devils vs 0 for London Knights.
Shots for this period are 16 for Lowell Devils vs 1 for London Knights.

2nd period


0:01 of 2nd period - Cal O'Reilly wins face-off versus Austin Czarnik in neutral zone.
0:33 of 2nd period - Snap shot by Pontus Aberg.
0:33 of 2nd period - Stopped by Reto Berra without a rebound.
0:34 of 2nd period - Austin Czarnik wins face-off versus Joe Colborne in Lowell Devils zone.
1:00 of 2nd period - Trevor Smith is hit by Mat Clark and loses puck.
1:13 of 2nd period - Slapshot by Brendan Ranford.
1:13 of 2nd period - Stopped by Philippe Desrosiers with a rebound.
3:05 of 2nd period - Snap shot by Austin Czarnik.
3:05 of 2nd period - Stopped by Philippe Desrosiers with a rebound.
3:07 of 2nd period - Snap shot by Austin Czarnik.
3:07 of 2nd period - Shot Misses the Net.
3:09 of 2nd period - Slapshot by Nolan Zajac.
3:09 of 2nd period - Deflect By Austin Czarnik.
3:09 of 2nd period - Shot Blocked by Dylan McIlrath.
3:09 of 2nd period - Puck is out of play.
3:10 of 2nd period - Cal O'Reilly wins face-off versus Andrew Poturalski in London Knights zone.
3:22 of 2nd period - MacKenzie Weegar is hit by Daniel Muzito-Bagenda.
3:23 of 2nd period - Icing by MacKenzie Weegar.
3:24 of 2nd period - Andrew Poturalski wins face-off versus Joe Colborne in Lowell Devils zone.
3:29 of 2nd period - Wrist shot by Pontus Aberg.
3:29 of 2nd period - Shot Misses the Net.
3:33 of 2nd period - Wrist shot by Joe Colborne.
3:33 of 2nd period - Stopped by Reto Berra without a rebound.
3:34 of 2nd period - Joe Colborne wins face-off versus Austin Czarnik in Lowell Devils zone.
3:35 of 2nd period - Snap shot by Andy Andreoff.
3:35 of 2nd period - Stopped by Reto Berra without a rebound.
3:36 of 2nd period - Austin Czarnik wins face-off versus Joe Colborne in Lowell Devils zone.
3:41 of 2nd period - Snap shot by Austin Czarnik.
3:41 of 2nd period - Deflect By Andrew Mangiapane.
3:41 of 2nd period - Stopped by Philippe Desrosiers without a rebound.
3:42 of 2nd period - Joe Colborne wins face-off versus Austin Czarnik in London Knights zone.
3:51 of 2nd period - Christian Folin is hit by Andrew Mangiapane and loses puck.
4:06 of 2nd period - Snap shot by Joe Colborne.
4:06 of 2nd period - Shot Misses the Net.
4:09 of 2nd period - Icing by Andrew Welinski.
4:10 of 2nd period - Cal O'Reilly wins face-off versus Austin Czarnik in Lowell Devils zone.
4:54 of 2nd period - Wrist shot by Austin Czarnik.
4:54 of 2nd period - Stopped by Philippe Desrosiers without a rebound.
4:55 of 2nd period - Trevor Smith wins face-off versus Joe Colborne in London Knights zone.
5:03 of 2nd period - Minor Penalty to Joe Colborne for Tripping.
5:04 of 2nd period - Trevor Smith wins face-off versus Luke Gazdic in London Knights zone.
5:10 of 2nd period - Snap shot by Trevor Smith.
5:10 of 2nd period - Shot Blocked by Brian Strait.
5:18 of 2nd period - Wrist shot by Trevor Smith.
5:18 of 2nd period - Shot Blocked by Christian Folin.
5:20 of 2nd period - Slapshot by Andrew Welinski.
5:20 of 2nd period - Stopped by Philippe Desrosiers without a rebound.
5:21 of 2nd period - Nicolas Aube-Kubel wins face-off versus Austin Czarnik in London Knights zone.
5:35 of 2nd period - Off-side.
5:36 of 2nd period - Austin Czarnik wins face-off versus Nicolas Aube-Kubel in neutral zone.
5:50 of 2nd period - Christian Folin is hit by Chris Conner and loses puck.
6:10 of 2nd period - Mat Clark is hit by Nick Baptiste and loses puck.
7:03 of 2nd period - Penalty to Joe Colborne is over, Joe Colborne is back on ice.
7:38 of 2nd period - Snap shot by Trevor Moore.
7:38 of 2nd period - Deflect By Andrew Poturalski.
7:38 of 2nd period - Stopped by Philippe Desrosiers with a rebound.
7:40 of 2nd period - Slapshot by Jack Dougherty.
7:40 of 2nd period - Shot Blocked by Adam Comrie.
7:42 of 2nd period - Wrist shot by Trevor Moore.
7:42 of 2nd period - Stopped by Philippe Desrosiers with a rebound.
8:08 of 2nd period - Icing by Nicolas Aube-Kubel.
8:09 of 2nd period - Andrew Poturalski wins face-off versus Joe Colborne in London Knights zone.
8:12 of 2nd period - Snap shot by Sam Anas.
8:12 of 2nd period - Goal by Sam Anas - Lowell Devils : 2 - London Knights : 0.
8:13 of 2nd period - Cal O'Reilly wins face-off versus Austin Czarnik in neutral zone.
8:18 of 2nd period - Snap shot by Christian Folin.
8:18 of 2nd period - Shot Misses the Net.
8:42 of 2nd period - Backhand shot by Trevor Smith.
8:42 of 2nd period - Deflect By Brendan Ranford.
8:42 of 2nd period - Shot Blocked by Tyler Wotherspoon.
8:42 of 2nd period - Puck is out of play.
8:43 of 2nd period - Trevor Smith wins face-off versus Joe Colborne in London Knights zone.
8:47 of 2nd period - Icing by Tyler Wotherspoon.
8:48 of 2nd period - Austin Czarnik wins face-off versus Joe Colborne in London Knights zone.
8:49 of 2nd period - Snap shot by Andrew Mangiapane.
8:49 of 2nd period - Shot Misses the Net.
9:23 of 2nd period - Wrist shot by Cal O'Reilly.
9:23 of 2nd period - Shot Blocked by Brendan Ranford.
10:11 of 2nd period - Snap shot by Cal O'Reilly.
10:11 of 2nd period - Stopped by Reto Berra without a rebound.
10:12 of 2nd period - Cal O'Reilly wins face-off versus Austin Czarnik in Lowell Devils zone.
10:13 of 2nd period - Snap shot by Joshua Winquist.
10:13 of 2nd period - Stopped by Reto Berra with a rebound.
10:15 of 2nd period - Wrist shot by Cal O'Reilly.
10:15 of 2nd period - Stopped by Reto Berra without a rebound.
10:16 of 2nd period - Joe Colborne wins face-off versus Chris Conner in Lowell Devils zone.
10:17 of 2nd period - Wrist shot by Pontus Aberg.
10:17 of 2nd period - Stopped by Reto Berra with a rebound.
10:37 of 2nd period - Joe Colborne is hit by Chris Conner and loses puck.
11:38 of 2nd period - Wrist shot by Gerald Mayhew.
11:38 of 2nd period - Stopped by Philippe Desrosiers with a rebound.
11:50 of 2nd period - Wrist shot by Austin Czarnik.
11:50 of 2nd period - Goal by Austin Czarnik - Lowell Devils : 3 - London Knights : 0.
11:51 of 2nd period - Austin Czarnik wins face-off versus Joe Colborne in neutral zone.
12:23 of 2nd period - Snap shot by Cal O'Reilly.
12:23 of 2nd period - Shot Misses the Net.
12:25 of 2nd period - Slapshot by Cal O'Reilly.
12:25 of 2nd period - Shot Misses the Net.
12:27 of 2nd period - Snap shot by Joshua Winquist.
12:27 of 2nd period - Stopped by Reto Berra with a rebound.
12:29 of 2nd period - Slapshot by Brian Strait.
12:29 of 2nd period - Stopped by Reto Berra with a rebound.
12:31 of 2nd period - Wrist shot by Daniel Muzito-Bagenda.
12:31 of 2nd period - Stopped by Reto Berra with a rebound.
13:25 of 2nd period - Dylan McIlrath is hit by Andrew Mangiapane and loses puck.
13:32 of 2nd period - Wrist shot by Austin Czarnik.
13:32 of 2nd period - Deflect By Andrew Mangiapane.
13:32 of 2nd period - Shot Misses the Net.
13:32 of 2nd period - Puck is out of play.
13:33 of 2nd period - Cal O'Reilly wins face-off versus Austin Czarnik in London Knights zone.
13:38 of 2nd period - Snap shot by Joshua Winquist.
13:38 of 2nd period - Shot Blocked by Chris Conner.
13:40 of 2nd period - Wrist shot by Cal O'Reilly.
13:40 of 2nd period - Shot Misses the Net.
14:46 of 2nd period - Wrist shot by Joshua Winquist.
14:46 of 2nd period - Stopped by Reto Berra without a rebound.
14:47 of 2nd period - Cal O'Reilly wins face-off versus Chris Conner in Lowell Devils zone.
15:22 of 2nd period - Mat Clark is hit by Trevor Smith.
15:50 of 2nd period - Snap shot by Daniel Muzito-Bagenda.
15:50 of 2nd period - Shot Blocked by Roland McKeown.
15:52 of 2nd period - Slapshot by Daniel Muzito-Bagenda.
15:52 of 2nd period - Shot Blocked by Chris Conner.
15:54 of 2nd period - Snap shot by Mat Clark.
15:54 of 2nd period - Stopped by Reto Berra with a rebound.
15:56 of 2nd period - Slapshot by Tyler Wotherspoon.
15:56 of 2nd period - Stopped by Reto Berra with a rebound.
15:58 of 2nd period - Snap shot by Mat Clark.
15:58 of 2nd period - Deflect By Austin Czarnik.
15:58 of 2nd period - Stopped by Reto Berra without a rebound.
15:59 of 2nd period - Joe Colborne wins face-off versus Trevor Smith in Lowell Devils zone.
16:08 of 2nd period - Snap shot by Pontus Aberg.
16:08 of 2nd period - Goal by Pontus Aberg - Lowell Devils : 3 - London Knights : 1.
16:09 of 2nd period - Joe Colborne wins face-off versus Austin Czarnik in neutral zone.
16:15 of 2nd period - Snap shot by Andy Andreoff.
16:15 of 2nd period - Stopped by Reto Berra with a rebound.
16:17 of 2nd period - Slapshot by Christian Folin.
16:17 of 2nd period - Stopped by Reto Berra with a rebound.
16:19 of 2nd period - Slapshot by Christian Folin.
16:19 of 2nd period - Stopped by Reto Berra with a rebound.
16:21 of 2nd period - Slapshot by Christian Folin.
16:21 of 2nd period - Stopped by Reto Berra with a rebound.
16:23 of 2nd period - Slapshot by Christian Folin.
16:23 of 2nd period - Shot Misses the Net.
16:25 of 2nd period - Snap shot by Brian Strait.
16:25 of 2nd period - Deflect By Pontus Aberg.
16:25 of 2nd period - Stopped by Reto Berra with a rebound.
16:37 of 2nd period - Snap shot by Luke Gazdic.
16:37 of 2nd period - Stopped by Reto Berra without a rebound.
16:38 of 2nd period - Mark McNeill wins face-off versus Trevor Smith in Lowell Devils zone.
16:43 of 2nd period - Snap shot by Mark McNeill.
16:43 of 2nd period - Deflect By Luke Gazdic.
16:43 of 2nd period - Stopped by Reto Berra without a rebound.
16:44 of 2nd period - Trevor Smith wins face-off versus Joe Colborne in Lowell Devils zone.
17:54 of 2nd period - Snap shot by Gerald Mayhew.
17:54 of 2nd period - Deflect By Conor Garland.
17:54 of 2nd period - Stopped by Philippe Desrosiers without a rebound.
17:55 of 2nd period - Joe Colborne wins face-off versus Austin Czarnik in London Knights zone.
18:00 of 2nd period - Snap shot by Brian Strait.
18:00 of 2nd period - Stopped by Reto Berra with a rebound.
18:07 of 2nd period - Icing by MacKenzie Weegar.
18:08 of 2nd period - Austin Czarnik wins face-off versus Joe Colborne in Lowell Devils zone.
18:13 of 2nd period - Snap shot by Joe Colborne.
18:13 of 2nd period - Stopped by Reto Berra without a rebound.
18:14 of 2nd period - Trevor Smith wins face-off versus Joe Colborne in Lowell Devils zone.
18:14 of 2nd period - Trevor Smith is hit by Christian Folin.
18:23 of 2nd period - Slapshot by MacKenzie Weegar.
18:23 of 2nd period - Shot Blocked by Christian Folin.
18:25 of 2nd period - Slapshot by MacKenzie Weegar.
18:25 of 2nd period - Shot Blocked by Pontus Aberg.
18:41 of 2nd period - Wrist shot by Joshua Winquist.
18:41 of 2nd period - Stopped by Reto Berra with a rebound.
18:43 of 2nd period - Backhand shot by Christian Folin.
18:43 of 2nd period - Stopped by Reto Berra with a rebound.
18:45 of 2nd period - Snap shot by Joshua Winquist.
18:45 of 2nd period - Shot Misses the Net.
18:47 of 2nd period - Snap shot by Joshua Winquist.
18:47 of 2nd period - Shot Blocked by Andrew Mangiapane.
19:12 of 2nd period - Icing by Mark McNeill.
19:13 of 2nd period - Mark McNeill wins face-off versus Trevor Smith in London Knights zone.
19:19 of 2nd period - Wrist shot by Nicolas Aube-Kubel.
19:19 of 2nd period - Shot Misses the Net.
Goals for this period are 2 for Lowell Devils vs 1 for London Knights.
Shots for this period are 11 for Lowell Devils vs 26 for London Knights.

3rd period


0:01 of 3rd period - Austin Czarnik wins face-off versus Joe Colborne in neutral zone.
0:14 of 3rd period - Austin Czarnik is hit by Christian Folin and loses puck.
0:35 of 3rd period - Snap shot by Cal O'Reilly.
0:35 of 3rd period - Shot Misses the Net.
1:33 of 3rd period - Snap shot by Nick Baptiste.
1:33 of 3rd period - Stopped by Philippe Desrosiers with a rebound.
1:52 of 3rd period - Austin Czarnik is hit by Cal O'Reilly and loses puck.
2:07 of 3rd period - Slapshot by Chris Conner.
2:07 of 3rd period - Stopped by Philippe Desrosiers with a rebound.
2:09 of 3rd period - Backhand shot by Sam Anas.
2:09 of 3rd period - Shot Blocked by Christian Folin.
2:11 of 3rd period - Slapshot by Nolan Zajac.
2:11 of 3rd period - Stopped by Philippe Desrosiers with a rebound.
2:15 of 3rd period - Snap shot by Trevor Moore.
2:15 of 3rd period - Shot Misses the Net.
3:49 of 3rd period - Roland McKeown is hit by Mat Clark and loses puck.
4:04 of 3rd period - Tyler Wotherspoon is hit by Trevor Smith and loses puck.
5:00 of 3rd period - Snap shot by Conor Garland.
5:00 of 3rd period - Shot Misses the Net.
5:02 of 3rd period - Slapshot by Conor Garland.
5:02 of 3rd period - Shot Misses the Net.
5:04 of 3rd period - Slapshot by Roland McKeown.
5:04 of 3rd period - Shot Misses the Net.
5:06 of 3rd period - Snap shot by Conor Garland.
5:06 of 3rd period - Stopped by Philippe Desrosiers with a rebound.
5:08 of 3rd period - Snap shot by Tyler Gaudet.
5:08 of 3rd period - Shot Blocked by Brian Strait.
5:30 of 3rd period - Cal O'Reilly is hit by MacKenzie Weegar and loses puck.
5:43 of 3rd period - Joe Colborne is hit by Trevor Moore and loses puck.
5:50 of 3rd period - Wrist shot by Trevor Moore.
5:50 of 3rd period - Deflect By Sam Anas.
5:50 of 3rd period - Stopped by Philippe Desrosiers with a rebound.
5:52 of 3rd period - Snap shot by Sam Anas.
5:52 of 3rd period - Shot Blocked by Mat Clark.
6:16 of 3rd period - Snap shot by Tyler Gaudet.
6:16 of 3rd period - Stopped by Philippe Desrosiers with a rebound.
6:18 of 3rd period - Wrist shot by Roland McKeown.
6:18 of 3rd period - Stopped by Philippe Desrosiers with a rebound.
6:20 of 3rd period - Backhand shot by Tyler Gaudet.
6:20 of 3rd period - Shot Misses the Net.
7:30 of 3rd period - Snap shot by Brendan Ranford.
7:30 of 3rd period - Stopped by Philippe Desrosiers with a rebound.
7:45 of 3rd period - Pontus Aberg is hit by Gerald Mayhew and loses puck.
8:47 of 3rd period - Adam Comrie is hit by Nolan Zajac and loses puck.
8:58 of 3rd period - Snap shot by Andy Andreoff.
8:58 of 3rd period - Stopped by Reto Berra without a rebound.
8:59 of 3rd period - Mark McNeill wins face-off versus Andrew Poturalski in Lowell Devils zone.
9:00 of 3rd period - Slapshot by Nicolas Aube-Kubel.
9:00 of 3rd period - Deflect By Mark McNeill.
9:00 of 3rd period - Stopped by Reto Berra without a rebound.
9:01 of 3rd period - Andrew Poturalski wins face-off versus Mark McNeill in Lowell Devils zone.
9:06 of 3rd period - Wrist shot by Sam Anas.
9:06 of 3rd period - Deflect By Nicolas Aube-Kubel.
9:06 of 3rd period - Shot Misses the Net.
9:06 of 3rd period - Puck is out of play.
9:07 of 3rd period - Mark McNeill wins face-off versus Austin Czarnik in London Knights zone.
9:07 of 3rd period - Mark McNeill is hit by Andrew Mangiapane.
9:18 of 3rd period - Off-side.
9:19 of 3rd period - Austin Czarnik wins face-off versus Joe Colborne in neutral zone.
9:44 of 3rd period - Christian Folin is hit by Trevor Smith and loses puck.
10:56 of 3rd period - Wrist shot by Luke Gazdic.
10:56 of 3rd period - Stopped by Reto Berra without a rebound.
10:57 of 3rd period - Austin Czarnik wins face-off versus Joe Colborne in Lowell Devils zone.
11:09 of 3rd period - Snap shot by Pontus Aberg.
11:09 of 3rd period - Shot Misses the Net.
11:23 of 3rd period - Daniel Muzito-Bagenda is hit by Trevor Moore.
11:36 of 3rd period - Icing by Daniel Muzito-Bagenda.
11:37 of 3rd period - Cal O'Reilly wins face-off versus Tyler Gaudet in London Knights zone.
11:43 of 3rd period - Off-side.
11:44 of 3rd period - Conor Garland wins face-off versus Joe Colborne in neutral zone.
11:54 of 3rd period - Wrist shot by Pontus Aberg.
11:54 of 3rd period - Shot Misses the Net.
11:56 of 3rd period - Snap shot by Tyler Wotherspoon.
11:56 of 3rd period - Shot Blocked by Conor Garland.
11:58 of 3rd period - Wrist shot by Andy Andreoff.
11:58 of 3rd period - Stopped by Reto Berra with a rebound.
12:00 of 3rd period - Slapshot by Joe Colborne.
12:00 of 3rd period - Deflect By Andy Andreoff.
12:00 of 3rd period - Shot Blocked by Gavin Bayreuther.
12:00 of 3rd period - Puck is out of play.
12:01 of 3rd period - Daniel Muzito-Bagenda wins face-off versus Austin Czarnik in Lowell Devils zone.
12:56 of 3rd period - Wrist shot by Mark McNeill.
12:56 of 3rd period - Stopped by Reto Berra without a rebound.
12:57 of 3rd period - Joe Colborne wins face-off versus Austin Czarnik in Lowell Devils zone.
12:58 of 3rd period - Snap shot by Pontus Aberg.
12:58 of 3rd period - Shot Misses the Net.
13:04 of 3rd period - Wrist shot by Austin Czarnik.
13:04 of 3rd period - Shot Misses the Net.
13:06 of 3rd period - Snap shot by Andrew Mangiapane.
13:06 of 3rd period - Shot Misses the Net.
13:08 of 3rd period - Snap shot by Andrew Mangiapane.
13:08 of 3rd period - Goal by Andrew Mangiapane - Lowell Devils : 4 - London Knights : 1.
13:09 of 3rd period - Joe Colborne wins face-off versus Austin Czarnik in neutral zone.
13:19 of 3rd period - Andy Andreoff is hit by Chris Conner and loses puck.
13:44 of 3rd period - Brian Strait is hit by Nick Baptiste and loses puck.
13:55 of 3rd period - Snap shot by Mark McNeill.
13:55 of 3rd period - Stopped by Reto Berra without a rebound.
13:56 of 3rd period - Mark McNeill wins face-off versus Andrew Poturalski in Lowell Devils zone.
14:09 of 3rd period - Slapshot by Andrew Poturalski.
14:09 of 3rd period - Stopped by Philippe Desrosiers with a rebound.
14:31 of 3rd period - Wrist shot by Austin Czarnik.
14:31 of 3rd period - Stopped by Philippe Desrosiers with a rebound.
14:49 of 3rd period - Snap shot by Conor Garland.
14:49 of 3rd period - Shot Misses the Net.
14:51 of 3rd period - Slapshot by Andrew Welinski.
14:51 of 3rd period - Stopped by Philippe Desrosiers with a rebound.
14:53 of 3rd period - Snap shot by Gerald Mayhew.
14:53 of 3rd period - Stopped by Philippe Desrosiers with a rebound.
15:31 of 3rd period - Slapshot by Andrew Mangiapane.
15:31 of 3rd period - Deflect By Austin Czarnik.
15:31 of 3rd period - Shot Misses the Net.
15:31 of 3rd period - Puck is out of play.
15:32 of 3rd period - Austin Czarnik wins face-off versus Cal O'Reilly in London Knights zone.
15:33 of 3rd period - Slapshot by Chris Conner.
15:33 of 3rd period - Stopped by Philippe Desrosiers with a rebound.
15:45 of 3rd period - Off-side.
15:46 of 3rd period - Trevor Smith wins face-off versus Joe Colborne in neutral zone.
16:01 of 3rd period - Snap shot by Trevor Smith.
16:01 of 3rd period - Stopped by Philippe Desrosiers with a rebound.
16:16 of 3rd period - Wrist shot by Joshua Winquist.
16:16 of 3rd period - Stopped by Reto Berra with a rebound.
16:18 of 3rd period - Snap shot by Daniel Muzito-Bagenda.
16:18 of 3rd period - Shot Misses the Net.
16:20 of 3rd period - Snap shot by Cal O'Reilly.
16:20 of 3rd period - Stopped by Reto Berra with a rebound.
16:22 of 3rd period - Slapshot by Christian Folin.
16:22 of 3rd period - Shot Blocked by Jack Dougherty.
16:40 of 3rd period - Snap shot by Luke Gazdic.
16:40 of 3rd period - Shot Blocked by Trevor Moore.
17:39 of 3rd period - Trevor Moore is hit by Nicolas Aube-Kubel and loses puck.
18:06 of 3rd period - Joe Colborne is hit by Conor Garland and loses puck.
18:26 of 3rd period - Snap shot by Nick Baptiste.
18:26 of 3rd period - Shot Misses the Net.
18:47 of 3rd period - Austin Czarnik is hit by Adam Comrie and loses puck.
19:27 of 3rd period - Brian Strait is hit by Nick Baptiste and loses puck.
19:40 of 3rd period - Trevor Smith is hit by Joshua Winquist and loses puck.
19:53 of 3rd period - Slapshot by Gavin Bayreuther.
19:53 of 3rd period - Shot Blocked by Ben Betker.
19:59 of 3rd period - Andy Andreoff is hit by Nolan Zajac and loses puck.
Goals for this period are 1 for Lowell Devils vs 0 for London Knights.
Shots for this period are 15 for Lowell Devils vs 8 for London Knights.